 Dungeon Crawl Stone Soup version 0.28-b1-25-g9875b3fc8c (webtiles) character file.

Game seed: 2496825967290823063

8 Minsecho the Chucker (level 2, 0/29 HPs)
             Began as an Ogre Hunter on Feb 1, 2022.
             Slain by a kobold (1 damage)
             ... on level 1 of the Dungeon.
             The game lasted 00:00:34 (392 turns).

Minsecho the Chucker (Ogre Hunter)                   Turns: 392, Time: 00:00:35

Health: 0/29       AC:  3    Str: 15    XL:     2   Next: 8%
Magic:  2/2        EV:  9    Int: 12    God:
Gold:   10         SH:  0    Dex:  9    Spells: 1/1 levels left

rFire   . . .      SeeInvis .   a - +0 short sword
rCold   . . .      Faith    .   (no shield)
rNeg    . . .      Spirit   .   b - +0 robe
rPois   .          Reflect  .   (helmet restricted)
rElec   .          Harm     .   (no cloak)
rCorr   .          Rampage  .   (gloves unavailable)
Will    .....                   (boots unavailable)
Stlth   +.........              (no amulet)
HPRegen 0.09/turn               (no ring)
MPRegen 0.08/turn               (no ring)

@: no status effects
A: large, unfitting armour, tough skin 1
a: no special abilities


You were on level 1 of the Dungeon.
You visited 1 branch of the dungeon, and saw 1 of its levels.

You collected 10 gold pieces.

Inventory:

Hand Weapons
 a - a +0 short sword (weapon)
Missiles
 c - 4 large rocks (quivered)
 d - 2 throwing nets
Armour
 b - a +0 robe (worn)
Scrolls
 g - a scroll of teleportation {unknown}
 h - 2 scrolls of enchant weapon {unknown}
Potions
 e - a potion of flight {unknown}
 f - a potion of attraction {unknown}


   Skills:
 + Level 2.8 Fighting
 + Level 4.4 Throwing
 + Level 1.8 Dodging
 - Level 0.6 Stealth


You had one spell level left.
You didn't know any spells.
Your spell library contained the following spells:

 Spells                   Type           Power      Damage    Failure   Level
 Sandblast                Erth           0%         2d4       32%         1
 Passwall                 Tmut/Erth      0%         N/A       45%         2
 Stone Arrow              Conj/Erth      0%         3d7       69%         3


Dungeon Overview and Level Annotations

Branches:
Dungeon (1/15)

Altars:


Innate Abilities, Weirdness & Mutations

You are too large for most types of armour.
You have tough skin. (AC +1)


Message History

Found 9 gold pieces.
A kobold comes into view.
It is wielding a +0 short sword of flaming.
The kobold shouts!
You closely miss the goblin.
A rat comes into view.
The goblin hits you with a +0 dagger.
You closely miss the goblin. The goblin barely misses you.
You hit the goblin but do no damage. The goblin barely misses you.
You barely miss the goblin. The goblin hits you with a +0 dagger.
You miss the kobold.
The kobold hits you with a +0 short sword of flaming.
The kobold burns you. The goblin closely misses you.
The kobold hits you with a +0 short sword of flaming.
The kobold burns you.
You closely miss the goblin. The goblin hits you with a +0 dagger.
You hit the goblin.
You kill the goblin!
You barely miss the kobold. The kobold hits you but does no damage.
You closely miss the kobold. The kobold hits you but does no damage.
You closely miss the kobold.
The kobold hits you with a +0 short sword of flaming.
The kobold burns you.
You barely miss the kobold.
The kobold hits you with a +0 short sword of flaming.
The kobold burns you.
* * * LOW HITPOINT WARNING * * *
You are too injured to fight recklessly!
Throw: 5 large rocks
Press: ? - help, Q - select action, (/) - cycle Shift-Dir - straight line, f/p - kobold
Aim: a kobold, wielding a +0 short sword of flaming and quivering stones (50% to hit)
You throw a large rock.
The large rock barely misses the kobold.
The large rock hits the rat.
You kill the rat!
The kobold hits you with a +0 short sword of flaming.
* * * LOW HITPOINT WARNING * * *
The kobold burns you.
* * * LOW HITPOINT WARNING * * *
The kobold hits you with a +0 short sword of flaming.
You die...

.#.###................#
.#.....######.........#
######## #.........#
#############.###########
........................
##......##.##....(....#
#......##...#####....#
##......##.#.#####....###
........)..#....@K(.....+
##.####..#.###..###....##
##.# #...#.....## ...#
...###.#.###.### ..$.
≈≈≈#...#.....# ...
..≈#.#.###.### ..
#.≈#.#.....# #
#8≈#.###.### #.≈#.....#


You could see a kobold.

Vanquished Creatures
  An endoplasm (D:1)
  A giant cockroach (D:1)
  A goblin (D:1)
  2 hobgoblins (D:1)
  A ball python (D:1)
  A kobold (D:1)
  A rat (D:1)
8 creatures vanquished.

Notes
Turn   | Place    | Note
-------+----------+-------------------------------------------
     0 | D:1      | Minsecho the Ogre Hunter began the quest for the Orb.
     0 | D:1      | Reached XP level 1. HP: 22/22 MP: 1/1
   212 | D:1      | Reached XP level 2. HP: 21/29 MP: 2/2
   392 | D:1      | HP: 1/29 [kobold (2)]
   392 | D:1      | Slain by a kobold

Illustrated notes

Levels and vault maps discovered:
D:1:      lightli_arrival_isolated_outpost, layout_basic,
          shapermc_ecumenical_altar_rom_forum, hangedman_abyss_or_decor_stabs

Action                   || total
-------------------------++-------
Melee: Short sword       ||    34
Throw: Large rock        ||     1
Armor: Robe              ||     6
Dodge: Dodged            ||    14
